cohdb
Replays
Latest Replays
All Replays
Popular Replays
Top Player Replays
Match Explorer
How It Works
Community
CoH3 Stats
Reddit
Sign in to upload your games and track your stats! →
Sign in with Steam
Match 47128973
Unlisted
Match 47128973
Overview
Messages
Build Orders
End
Kradschützen Motorcycle Team
Panzergrenadier Squad
Selects Panzerjäger Kommand Battlegroup
Panzergrenadier Squad
Construct Light Support Kompanie
Selects Mine Fields
Fire Support Elements
Panzergrenadier Squad
2.5-tonne Medical Truck
Selects GrB 39 Grenade Launcher Requisition
250 Light Carrier
Flakvierling Half-track
Pak 38 Mechanized Group
Selects Defensive Positions
Selects Butterfly Bomb Drop
Butterfly Bomb Drop
Flakvierling Half-track
2.5-tonne Medical Truck
Butterfly Bomb Drop
Veteran Squad Leaders
Pak 38 Mechanized Group
Butterfly Bomb Drop
Combat Half-tracks
Construct Panzerarmee Kommand
Selects Crew Shock Tactics
Selects Anti-tank Overwatch
Walking Stuka Rocket Launcher
Butterfly Bomb Drop
Pak 38 Mechanized Group
Armored Reserves
Anti-tank Overwatch
Tiger Heavy Tank
Panzerpioneer Squad
Butterfly Bomb Drop
AI Takeover
DimScorp
koba (Monkey man)
ionwood
The Spanish Player
Corvus
Axziom
Oddrat
NotaRealPersona
0
0
Comments
sign in to comment!
No comments posted yet!